 Dungeon Crawl Stone Soup version 0.31.0-32-g396128a36d (webtiles) character file.

Game seed: 4965700596229687837

3040 KittyFluff the Ruffian (level 9, -4/130 HPs)
             Began as a Troll Shapeshifter on Apr 10, 2024.
             Slain by Amaemon
             ... wielding a -2 demon whip of venom
              (5 damage)
             ... on level 8 of the Dungeon.
             The game lasted 00:33:09 (6562 turns).

KittyFluff the Ruffian (Troll Shapeshifter)         Turns: 6562, Time: 00:33:12

Health: -4/130     AC: 24    Str: 26    XL:     9   Next: 56%
Magic:  8/8        EV:  1    Int:  6    God:
Gold:   176        SH:  0    Dex: 11    Spells: 8/8 levels left

rFire   . .          .
                       - Unarmed
rCold   . . .        (no shield)
rNeg    . . .        e - melded +0 steam dragon scales
rPois   +            (helmet currently unavailable)
rElec   .            (cloak currently unavailable)
rCorr   .            (gloves unavailable)
SInv    +            (boots unavailable)
Will    .....        (no amulet)
Stlth   +            I - ring of see invisible
HPRegen 1.21/turn    (no ring)
MPRegen 0.11/turn

%: no passive effects
@: lethally poisoned (-4 -> -5), tree-form, slowed, studying Throwing, very slow
A: stationary, stasis, torment immunity, boosted hp, large, unfitting armour,
(claws 3), regeneration 1, (shaggy fur 1), (tough skin 1)
a: no special abilities


You were on level 8 of the Dungeon.
You were a tree.
You visited 2 branches of the dungeon, and saw 9 of its levels.
You also visited: Sewer.

You collected 428 gold pieces.
You spent 252 gold pieces at shops.

Inventory:

Hand Weapons
 f - a +0 quarterstaff
 u - a +0 trident
 x - a +0 sling
 y - a +1 morningstar of holy wrath
 E - a +1 short sword of venom
 P - a +4 halberd of freezing
 S - a +2 whip of venom
Missiles
 i - 47 stones
 j - 2 silver javelins
 k - 15 poisoned darts
 p - 5 javelins
 v - a boomerang
 L - 6 atropa-tipped darts
 R - 2 throwing nets (quivered)
 T - 2 curare-tipped darts
Armour
 e - +0 steam dragon scales (melded)
 J - a +1 hat
 N - a +0 cloak
Magical Staves
 m - a staff of alchemy
 q - a staff of fire
Jewellery
 o - a ring of fire
 I - a ring of see invisible (left branch)
Talismans
 c - a beast talisman
 d - a flux talisman
 G - a dragon-blood talisman
Wands
 D - a wand of flame (26)
 M - a wand of iceblast (19)
 U - a wand of charming (4)
Scrolls
 a - 3 scrolls of vulnerability {unknown}
 l - 2 scrolls of enchant weapon {unknown}
 n - 3 scrolls of revelation {unknown}
 r - 3 scrolls of blinking {unknown}
 B - 2 scrolls of enchant armour
 C - 2 scrolls of poison
 F - 2 scrolls of noise {unknown}
 H - 5 scrolls of teleportation
 K - a scroll of fog
 Q - a scroll of fear {unknown}
Potions
 b - 2 potions of lignification
 g - 2 potions of curing
 h - 3 potions of invisibility
 s - 3 potions of mutation
 t - 5 potions of enlightenment
 w - 2 potions of haste
 z - a potion of cancellation
 A - 3 potions of heal wounds
 O - 2 potions of attraction {unknown}


   Skills:
 + Level 4.9 Fighting
 + Level 6.2 Throwing
 + Level 5.3 Dodging
 + Level 6.7 Unarmed Combat
 + Level 6.2 Shapeshifting


You had 8 spell levels left.
You didn't know any spells.
Your spell library contained the following spells:

 Spells                   Type           Power      Damage    Failure   Level
 Foxfire                  Conj/Fire      0%         2x1d4     45%         1
 Jinxbite                 Hex            0%         N/A       58%         2
 Mercury Vapours          Alch/Air       0%         N/A       58%         2
 Fugue of the Fallen      Necr           0%         N/A       83%         3
 Mephitic Cloud           Conj/Alch/Air  0%         N/A       83%         3
 Ozocubu's Armour         Ice            0%         N/A       83%         3
 Manifold Assault         Tloc           0%         N/A       99%         4
 Freezing Cloud           Conj/Ice/Air   0%         6-21      100%        5
 Yara's Violent Unravell  Hex/Alch       0%         3d3       100%        5
 Plasma Beam              Fire/Air       0%         2x1d10    100%        6
 Starburst                Conj/Fire      0%         6d3       100%        6
 Enfeeble                 Hex            0%         N/A       100%        7


Dungeon Overview and Level Annotations

Branches:
Dungeon (8/15)             Temple (1/1) D:4           Sewer (visited)
   Lair: D:8-11

Altars:
Ashenzari
Cheibriados
Dithmenos
Elyvilon
Gozag
Kikubaaqudgha
Makhleb
Nemelex Xobeh
Okawaru
Qazlal
Ru
Sif Muna
Uskayaw
Wu Jian
Xom
Yredelemnul
Zin
The Shining One

Shops:
D:3 =   D:5 (*

Annotations:
D:8 Amaemon


Innate Abilities, Weirdness & Mutations

You are a tree.
Your roots penetrate the ground, keeping you stationary.
You cannot be teleported.
You are immune to unholy pain and torment.
Your maximum health is greatly increased.
Your equipment is partially melded.
You are too large for most types of armour.
((You have claws for hands.))
Your natural rate of healing is unusually fast.
((You are covered in fur. (AC +1)))
((You have tough skin. (AC +1)))


Message History

Amaemon tail-slaps you but does no damage.
The orange demon completely misses you. The scorpion stings you.
* * * LOW HITPOINT WARNING * * *
You closely miss Amaemon.
Amaemon is almost dead.
The scorpion stings you.
* * * LOW HITPOINT WARNING * * *
Amaemon casts a spell at the scorpion.
The scorpion's venom grows more potent.
The orange demon stings you but does no damage.
The scorpion completely misses you.
You smack Amaemon!
Amaemon is almost dead.
Amaemon hits you with a -2 demon whip of venom.
* * * LOW HITPOINT WARNING * * *
Amaemon claws you but does no damage.
Amaemon tail-slaps you but does no damage.
The orange demon stings you but does no damage.
The scorpion stings you but does no damage.
Amaemon hits you but does no damage.
You are poisoned.
Amaemon claws you but does no damage. Amaemon tail-slaps you.
* * * LOW HITPOINT WARNING * * *
The orange demon stings you but does no damage.
You hit Amaemon but do no damage. Your punch misses Amaemon.
Amaemon is almost dead.
You feel very sick.
The scorpion stings you but does no damage.
Amaemon hits you but does no damage. Amaemon claws you but does no damage.
Amaemon tail-slaps you but does no damage.
The orange demon stings you from afar.
* * * LOW HITPOINT WARNING * * *
The scorpion stings you but does no damage.
You hit Amaemon but do no damage.
Amaemon is almost dead.
You feel sick.
Amaemon hits you with a -2 demon whip of venom!
* * * LOW HITPOINT WARNING * * *
Amaemon claws you.
You die...

#.#.# #.# ## #.#.#
###'## #.#.#
###....# ###.#.#
#.#....# ....#.##
#.#....# ....#..#
#.#....# ###.##.#
#.#....#
#......###.#...s####
..#........#....♣64#
##########.#######s#
...# #.# #
##########.#
#..........#
#.########## #.# #.#
#.#


You could see Amaemon, an orange demon (curare) and 2 scorpions.

Vanquished Creatures
  Prince Ribbit (D:6)
  Sigmund (D:2)
  A steam dragon (D:5)
  Menkaure (D:7)
  2 water moccasins (D:7)
  A black bear (D:6)
  A sky beast (D:6)
  An orc warrior (D:8)
  2 ice beasts
  2 crocodiles (Sewer)
  A phantom (D:4)
  3 bullfrogs (D:7)
  5 scorpions
  3 wights (D:7)
  A howler monkey (D:6)
  2 jellies
  3 orc priests
  3 hounds
  3 iguanas
  6 orc wizards
  A sickly merfolk siren (Sewer)
  A malarious merfolk avatar (Sewer)
  7 gnolls (D:7)
  2 river rats (Sewer)
  8 adders
  A shadow imp (D:7)
  2 white imps
  6 ufetubi
  5 ribbon worms
  2 dart slugs
  27 orcs
  4 bats
  11 endoplasms
  7 giant cockroaches
  5 goblins
  8 hobgoblins
  6 jackals
  7 kobolds
  8 quokkas
  11 ball pythons
  8 frilled lizards
  27 rats
  A butterfly (D:4)
208 creatures vanquished.

Notes
Turn   | Place    | Note
-------+----------+-------------------------------------------
     0 | D:1      | KittyFluff the Troll Shapeshifter began the quest for the
                  | Orb.
     0 | D:1      | Reached XP level 1. HP: 18/18 MP: 0/0
   101 | D:1      | Reached skill level 1 in Fighting
   138 | D:1      | Reached XP level 2. HP: 27/27 MP: 1/1
   638 | D:2      | Reached XP level 3. HP: 32/33 MP: 2/2
   890 | D:2      | Reached XP level 4. HP: 40/41 MP: 3/3
  1194 | D:2      | Found a faded altar of an unknown god.
  1201 | D:2      | Noticed Sigmund
  1220 | D:2      | Killed Sigmund
  1221 | D:2      | Reached skill level 1 in Throwing
  1221 | D:2      | Reached XP level 5. HP: 29/49 MP: 4/4
  1703 | D:3      | Reached XP level 6. HP: 52/57 MP: 5/5
  1775 | D:3      | Found Zeuxur's Jewellery Emporium.
  1790 | D:3      | Found Laotzur's Jewellery Emporium.
  2585 | D:4      | Found a staircase to the Ecumenical Temple.
  2619 | Temple   | Entered the Ecumenical Temple
  2742 | D:4      | Reached XP level 7. HP: 66/66 MP: 6/6
  2937 | D:4      | Found a glowing drain.
  2941 | Sewer    | Entered a sewer
  3166 | Sewer    | Reached skill level 5 in Unarmed Combat
  3478 | D:5      | Entered Level 5 of the Dungeon
  3600 | D:5      | Found Zademm's Gadget Gallery.
  3623 | D:5      | Noticed a steam dragon
  3632 | D:5      | Killed a steam dragon
  3633 | D:5      | Reached XP level 8. HP: 21/75 MP: 7/7
  3795 | D:5      | Found a shimmering altar of Xom.
  3858 | D:5      | Reached skill level 5 in Shapeshifting
  4010 | D:5      | Found a hide-covered altar of Uskayaw.
  4077 | D:5      | Identified a scroll of acquirement
  4078 | D:5      | Acquired a manual of Throwing
  4151 | D:5      | Found Quulivipa's Weapon Boutique.
  4206 | D:5      | Bought 2 silver javelins for 252 gold pieces
  4760 | D:6      | Noticed Prince Ribbit
  4768 | D:6      | Killed Prince Ribbit
  5050 | D:6      | Found a basalt altar of Yredelemnul.
  5074 | D:6      | Reached skill level 5 in Throwing
  5074 | D:6      | Reached XP level 9. HP: 84/84 MP: 8/8
  5544 | D:7      | Noticed Menkaure
  5553 | D:7      | Reached skill level 5 in Dodging
  5554 | D:7      | Killed Menkaure
  6544 | D:8      | Noticed an orange demon
  6545 | D:8      | Noticed Amaemon
  6562 | D:8      | HP: 1/130 [Amaemon/-2 demon whip of venom (8)]
  6562 | D:8      | Slain by Amaemon

Illustrated notes

Levels and vault maps discovered:
D:1:      dpeg_arrival_three_bigger_balls, layout_basic
D:2:      layout_loops_ring, nicolae_ecumenical_oubliette, uniq_sigmund
D:3:      layout_basic, serial_shops, shop, shop, serial_corexii_hall,
          chequers_hall_statues_corner_a, corexii_hall_statues_t,
          chequers_hall_statues_wall_a, chequers_hall_statues_y,
          glass_columns_c, grunt_ministairs_5, kennysheep_generic_room_16
D:4:      layout_loops_ring, minmay_temple_entry_butterflies,
          gup_sewer_entry_bowl
D:5:      layout_layer_cave, mainiacjoe_overflow_paths,
          eat_drink_and_be_merry_uskayaw, serial_shops, nicolae_shop_waterfront,
          nicolae_shop_gadgets
D:6:      layout_basic, mainiacjoe_overflow_catwalk, hex_tiny,
          uniq_prince_ribbit1
D:7:      minmay_inner_zag, layout_loops_ring, uniq_menkaure
D:8:      layout_basic, mainiacjoe_overflow_two_lobes, uniq_amaemon, uniq_joseph
Temple:   nicolae_temple_superstar

Skill      XL: |  1  2  3  4  5  6  7  8  9 |
---------------+----------------------------+-----
Fighting       | 1 2 3 4 |  4.9
Dodging        | 2 3 4 5 |  5.3
Throwing       | 1 2 3 5 6 |  6.2
Unarmed Combat | 4 5 6 |  6.7
Shapeshifting  | 4 5 6 |  6.2

Action                     |  1- 3 |  4- 6 |  7- 9 || total
---------------------------+-------+-------+-------++-------
  Melee: Unarmed           |    76 |   125 |   296 ||   497
         Punch             |     1 |     4 |    18 ||    23
  Throw: Stone             |       |     1 |     1 ||     2
         Throwing net      |       |       |     1 ||     1
    Use: Scroll            |       |       |    11 ||    11
         Potion            |       |       |     3 ||     3
   Stab: Sleeping          |     1 |       |       ||     1
 Armour: Animal skin       |    20 |       |       ||    20
         Robe              |     7 |    69 |    54 ||   130
         Steam dragon scal |       |       |   113 ||   113
         Skin              |       |       |    33 ||    33
  Dodge: Dodged            |    32 |    64 |   123 ||   219
